 Dungeon Crawl Stone Soup version 0.30-a0-867-g305f33218d (webtiles) character file.

Game seed: 4106119037693256306

29 Grim the Poker (level 3, 27/27 HPs)
             Began as a Merfolk Gladiator on Mar 10, 2023.
             Quit the game on level 1 of the Dungeon.
             The game lasted 00:01:21 (619 turns).

Grim the Poker (Merfolk Gladiator)                   Turns: 619, Time: 00:01:22

Health: 27/27      AC:  4    Str: 16    XL:     3   Next: 16%
Magic:  3/3        EV: 13    Int:  7    God:
Gold:   60         SH:  0    Dex: 15    Spells: 2/2 levels left

rFire   . . .      SeeInvis .    a - +0 trident
rCold   . . .      Faith    .    (no shield)
rNeg    . . .      Spirit   .    b - +0 leather armour
rPois   .          Reflect  .    c - +0 helmet
rElec   .          Rampage  .    (no cloak)
rCorr   .                        (no gloves)
Will    .....                    (no boots)
Stlth   +                        (no amulet)
HPRegen 0.24/turn                (no ring)
MPRegen 0.08/turn                (no ring)

@: no status effects
A: (nimble swimmer 2), mertail
a: no special abilities


You were on level 1 of the Dungeon.
You visited 1 branch of the dungeon, and saw 1 of its levels.

You collected 60 gold pieces.

Inventory:

Hand Weapons
 a - a +0 trident (weapon)
Missiles
 d - 3 throwing nets (quivered)
 e - a javelin
Armour
 b - a +0 leather armour (worn)
 c - a +0 helmet (worn)
Jewellery
 i - a +6 ring of strength
Scrolls
 f - a scroll of identify {unknown}
 g - a scroll of butterflies {unknown}
 j - a scroll of vulnerability {unknown}
 l - a scroll of enchant armour {unknown}
 m - a scroll of noise {unknown}
 n - a scroll of teleportation {unknown}
Potions
 h - a potion of brilliance {unknown}
 k - a potion of haste {unknown}
 o - a potion of degeneration {unknown}


   Skills:
 - Level 2.1 Fighting
 + Level 5.6 Polearms
 - Level 2.0 Throwing
 - Level 4.0 Dodging


You had 2 spell levels left.
You didn't know any spells.
Your spell library was empty.

Dungeon Overview and Level Annotations

Branches:
Dungeon (1/15)

Altars:


Innate Abilities, Weirdness & Mutations

((You are very nimble when in or above water. (Stealth+, EV+, Speed+++)))
Your lower body shifts to a powerful aquatic tail in water.


Message History

No target in view!
You now have 60 gold pieces (gained 8).
A ball python comes into view.
A ball python is nearby!
The ball python hisses angrily.
You reach to attack!
You barely miss the ball python. You closely miss the ball python.
The ball python barely misses you. The ball python grabs you.
The ball python constricts you.
You hit the ball python.
You kill the ball python!
No target in view!
n - a scroll labelled QAUSTRE AWIZO Your legs become a tail as you enter the water.
o - a lumpy coppery potion Your legs become a tail as you enter the water.
As you open the door, it creaks loudly!
Found an escape hatch in the floor.
Your legs become a tail as you enter the water.
You see here a +0 dagger.
You open the door.
Found an escape hatch in the floor.
Your legs become a tail as you enter the water.
There is a stone staircase leading down here.
You see here a +0 dagger.
Your legs become a tail as you enter the water.
You see here a ball python corpse.
A hobgoblin comes into view.
The hobgoblin shouts!
A hobgoblin is nearby!
You puncture the hobgoblin!
You kill the hobgoblin!
No target in view!
You see here a hobgoblin corpse.
Done exploring.
Done exploring.
Done exploring.
(D) Dungeon
Where to? (? - help)
You see here a hobgoblin corpse.
Are you sure you want to abandon this character and quit the game? (Confirm with "yes".)

~≈≈≈≈≈~~~~≈≈≈~~~............#####
~~~~~~~~~~~~~~~..###.######......
.~~~~~....~~~...####.# #######
..............#......#
.....#.#........#.####
..........#.####.## †.........#.#
#.# .##..#.##.#.# #.#
.##.......#.# #@# .....#......#
##.## ..##.....#### #...#
..##.....# ##..#
..##.....########.#
..##...........##.#
..##......####.##.#
..#######.####.##.# .##
#.##......#


There were no monsters in sight!

Vanquished Creatures
  A dart slug (D:1)
  3 ball pythons (D:1)
  A bat (D:1)
  3 endoplasms (D:1)
  3 giant cockroaches (D:1)
  5 hobgoblins (D:1)
  2 kobolds (D:1)
  A quokka (D:1)
  A frilled lizard (D:1)
  2 goblins (D:1)
22 creatures vanquished.

Notes
Turn   | Place    | Note
-------+----------+-------------------------------------------
     0 | D:1      | Grim the Merfolk Gladiator began the quest for the Orb.
     0 | D:1      | Reached XP level 1. HP: 16/16 MP: 1/1
    42 | D:1      | Reached XP level 2. HP: 12/22 MP: 2/2
    68 | D:1      | Reached skill level 5 in Polearms
   372 | D:1      | Reached XP level 3. HP: 27/27 MP: 3/3
   619 | D:1      | Quit the game

Illustrated notes

Levels and vault maps discovered:
D:1:      minmay_arrival_shoal_huts, layout_loops_cross

Skill      XL: |  1  2 |
---------------+-------+-----
Polearms       | 5 |  5.6
Fighting       | |  2.1
Throwing       | |  2.0
Dodging        | |  4.0

Action                     || total
---------------------------++-------
  Melee: Trident           ||    49
   Stab: Sleeping          ||     1
 Armour: Leather armour    ||     6
  Dodge: Dodged            ||    20

Table legend: (Time is in decaauts)
 A = Elapsed time spent in this place.
 B = Non-inter-level travel time spent in this place.
 C = Inter-level travel time spent in this place.
 D = Time resting spent in this place.
 E = Time spent auto-exploring this place.
 F = Levels seen in this place.
 G = Mean time per level.
                   A        B        C        D        E       F      G
               +--------+--------+--------+--------+--------+-----+--------+
         Total |    588 |    586 |      2 |     28 |    441 |   1 |  588.0 |
       Dungeon |    588 |    586 |      2 |     28 |    441 |   1 |  588.0 |
               +--------+--------+--------+--------+--------+-----+--------+

Top non-repeatable levels by time:
     D:1: 588 daAuts
